AoeStats
← 一剑扫秋风nelson

African Clearing

504400816Analyzed
4v4 RM · 27d ago on Sep 5, 2026· 48m 41s· 8 players
Game mode
Random Map
Map size
Large (8 player)
Population
200
Speed
Normal
Resources
Standard
Victory
Conquest
Starting age
Dark Age
Ending age
Imperial Age
RankedLock teamsTeams togetherTeam positionsShared explorationLock speedFull tech treeHidden civsTurbo modeCheats
Victory
Defeat
🇻🇳 Britons · Vietnam
1818
+15
1817
+15
🇯🇵 Bulgarians · Japan
1768
+17
🇻🇳 Sicilians · Vietnam
1694
+20
🇺🇸 Khmer · United States
1886
-21
🇻🇳 Burgundians · Vietnam
1811
-18
🇲🇽 Ethiopians · Mexico
1732
-14
🇻🇳 Portuguese · Vietnam
1720
-14
一剑扫秋风nelson
8:25 Loom
12:07 Feudal Age
16:19 Forging
16:59 Scale Barding Armor
20:35 Bloodlines
20:42 Horse Collar
26:17 Castle Age
24:46 Gold Mining
24:42 Double-Bit Axe
24:48 Stone Mining
27:43 Bow Saw
27:37 Heavy Plow
30:21 Fletching
33:02 Gold Shaft Mining
33:08 Bodkin Arrow
34:04 Ballistics
34:48 Wheelbarrow
34:54 Padded Archer Armor
38:55 Imperial Age
37:00 Leather Archer Armor
36:49 Man-at-Arms
37:29 Squires
37:41 Scale Mail Armor
37:39 Long Swordsman
38:35 Chain Mail Armor
38:56 Iron Casting
38:52 Two-Handed Swordsman
39:39 Bracer
39:50 Champion
41:25 Plate Mail Armor
41:34 Fereters
42:58 Blast Furnace
41:57 Arson
43:39 Chemistry
43:20 Block Printing
45:29 Conscription
45:14 Cilician Fleet
46:09 Coinage
46:30 Ring Archer Armor
47:19 Banking
46:15 Elite Composite Bowman
49:28 Hand Cart
48:59 Town Watch
happy gay
9:21 Loom
12:44 Feudal Age
16:24 Castle Age
14:47 Double-Bit Axe
16:01 Horse Collar
18:22 Scale Barding Armor
24:06 Town Watch
25:50 Fletching
27:42 Wheelbarrow
32:04 Bodkin Arrow
37:08 Imperial Age
34:50 Scale Mail Armor
34:30 Pikeman
36:10 Chain Mail Armor
36:53 Squires
37:10 Halberdier
39:01 Plate Mail Armor
41:05 Hand Cart
40:51 Gambesons
41:25 Forging
41:50 Bracer
42:05 Capped Ram
48:23 Ballistics
VIPN@U
9:48 Loom
12:11 Feudal Age
15:46 Town Watch
20:59 Castle Age
19:57 Padded Archer Armor
20:18 Fletching
21:03 Crossbowman
25:32 Horse Collar
25:38 Double-Bit Axe
25:44 Double-Bit Axe
30:51 Wheelbarrow
31:09 Wheelbarrow
31:16 Bodkin Arrow
32:39 Bow Saw
32:30 Heavy Plow
34:40 Ballistics
36:24 Yeomen
38:31 Leather Archer Armor
44:16 Imperial Age
45:00 Bracer
46:02 Chemistry
48:32 Ring Archer Armor
47:51 Elite Longbowman
81danchoi
9:10 Loom
11:25 Feudal Age
11:59 Double-Bit Axe
12:01 Loom
12:05 Town Watch
12:05 Loom
15:35 Horse Collar
22:21 Fletching
25:23 Castle Age
23:55 Gold Mining
27:12 Scale Barding Armor
29:06 Pikeman
33:03 Bow Saw
32:56 Heavy Plow
34:55 Stone Mining
41:28 Imperial Age
39:18 Scale Mail Armor
40:10 Forging
40:16 Chain Mail Armor
42:51 Imperial Age
40:59 Wheelbarrow
42:09 Iron Casting
42:41 Bodkin Arrow
43:17 Masonry
44:01 First Crusade
44:27 Ballistics
45:57 Plate Mail Armor
47:09 Blast Furnace
46:37 Bracer
48:00 Conscription
47:52 Elite Serjeant
NaiLiu
11:02 Loom
13:43 Feudal Age
17:32 Castle Age
15:42 Double-Bit Axe
16:22 Fishing Lines
18:47 Gillnets
19:11 Bow Saw
24:36 Wheelbarrow
24:16 Gold Mining
26:01 Town Watch
27:49 Horse Collar
28:55 Hand Cart
34:48 Imperial Age
32:25 Scale Barding Armor
32:31 Forging
33:11 Bloodlines
33:02 Husbandry
33:55 Chain Barding Armor
35:16 Iron Casting
34:49 Devotion
35:06 Elite Battle Elephant
36:46 Plate Barding Armor
38:17 Blast Furnace
37:18 Tusk Swords
37:42 Conscription
38:57 Gold Shaft Mining
38:13 Stone Mining
38:30 Heavy Plow
40:37 Ballistics
41:23 Chemistry
41:39 Crop Rotation
40:42 Heavy Scorpion
41:19 Light Cavalry
43:04 Siege Engineers
43:25 Capped Ram
44:43 Hussar
46:58 Masonry
46:14 Siege Ram
VNS_Alibaba_
4:35 Loom
12:29 Feudal Age
12:59 Double-Bit Axe
29:44 Wheelbarrow
33:48 Castle Age
31:45 Horse Collar
32:47 Gold Mining
34:45 Bow Saw
35:29 Heavy Plow
47:05 Hand Cart
MztK | SpAwN
4:35 Loom
13:10 Feudal Age
18:19 Castle Age
17:30 Double-Bit Axe
17:26 Horse Collar
33:10 Bow Saw
34:17 Fletching
40:51 Imperial Age
38:38 Crossbowman
41:06 Bodkin Arrow
44:11 Bracer
DL-Empty
9:03 Loom
11:34 Feudal Age
11:28 Double-Bit Axe
13:00 Bow Saw
15:35 Scale Barding Armor
16:23 Forging
24:03 Castle Age
22:42 Bow Saw
25:11 Chain Barding Armor
25:05 Husbandry
25:34 Gold Mining
26:58 Wheelbarrow
28:28 Town Watch
33:41 Cavalier
41:20 Gold Shaft Mining
Connection lost

Rejoining the realm…

Still unreachable

The connection could not be restored.

Session expired

The server has moved on; the page needs a fresh start.